AoeStats
← 文風

Arena

509474971Analyzed
1v1 RM · 5d ago on Sep 26, 2026· 38m 44s· 2 players
Game mode
Random Map
Map size
Tiny (2 player)
Population
200
Speed
Normal
Resources
Standard
Victory
Conquest
Starting age
Dark Age
Ending age
Imperial Age
RankedLock teamsTeams togetherTeam positionsShared explorationLock speedFull tech treeHidden civsTurbo modeCheats
Victory
Defeat
🇭🇰 Poles · Hong Kong SAR China
1460
+15
🇩🇪 Franks · Germany
1431
-15
jr9722
10:21 Feudal Age
14:13 Castle Age
12:06 Double-Bit Axe
15:54 Loom
16:51 Bow Saw
16:47 Fletching
22:08 Bodkin Arrow
22:32 Gold Mining
23:36 Wheelbarrow
25:20 Scale Barding Armor
27:24 Husbandry
28:08 Ballistics
33:23 Imperial Age
33:16 Gold Shaft Mining
35:13 Chemistry
35:13 Chain Barding Armor
34:54 Padded Archer Armor
37:33 Plate Barding Armor
文風
10:41 Feudal Age
11:44 Double-Bit Axe
14:27 Castle Age
12:18 Horse Collar
14:27 Loom
24:21 Imperial Age
22:19 Fletching
23:22 Bodkin Arrow
27:40 Bracer
30:08 Chemistry
29:13 Padded Archer Armor
30:10 Wheelbarrow
33:32 Ballistics
33:40 Heavy Plow
33:54 Bow Saw
34:02 Leather Archer Armor
33:47 Scale Mail Armor
33:58 Forging
33:45 Crossbowman
35:30 Conscription
34:51 Arbalester
36:21 Thumb Ring
36:55 Squires
37:35 Gold Mining
38:35 Elite Obuch
Connection lost

Rejoining the realm…

Still unreachable

The connection could not be restored.

Session expired

The server has moved on; the page needs a fresh start.